AoeStats
← BottleDry

African Clearing

506961981Analyzed
4v4 RM · 17d ago on Sep 16, 2026· 61m 15s· 8 players
Game mode
Random Map
Map size
Large (8 player)
Population
200
Speed
Normal
Resources
Standard
Victory
Conquest
Starting age
Dark Age
Ending age
Imperial Age
RankedLock teamsTeams togetherTeam positionsShared explorationLock speedFull tech treeHidden civsTurbo modeCheats
Victory
Defeat
🇵🇪 Berbers · Peru
955
+16
🇺🇸 Bohemians · United States
950
+17
🇺🇸 Cumans · United States
948
+17
🇮🇹 Bulgarians · Italy
893
+19
🇯🇵 Malians · Japan
993
-18
🇨🇴 Inca · Colombia
988
-18
🇳🇮 Celts · Nicaragua
951
-17
🇺🇸 Italians · United States
923
-16
BottleDry
5:00 Loom
14:14 Feudal Age
14:49 Double-Bit Axe
17:08 Horse Collar
20:47 Bloodlines
24:18 Castle Age
22:51 Scale Barding Armor
23:12 Forging
23:59 Stone Mining
24:52 Crossbowman
25:59 Town Watch
26:53 Wheelbarrow
26:20 Fletching
26:31 Gold Mining
27:16 Bow Saw
28:04 Squires
29:02 Bodkin Arrow
30:10 Padded Archer Armor
33:35 Thumb Ring
34:08 Iron Casting
33:52 Leather Archer Armor
35:32 Ballistics
37:02 Town Watch
39:31 Pikeman
40:49 Heavy Plow
45:39 Imperial Age
Legolas
14:23 Feudal Age
20:15 Castle Age
20:17 Double-Bit Axe
21:44 Bow Saw
26:40 Stone Mining
27:42 Horse Collar
28:22 Gold Mining
30:10 Pikeman
Jan_Rui
5:33 Loom
16:01 Feudal Age
17:27 Champi Runner
19:46 Town Watch
25:36 Arson
27:02 Fletching
27:25 Forging
27:17 Stone Mining
29:49 Castle Age
28:08 Scale Mail Armor
30:42 Bodkin Arrow
36:01 Champi Warrior
39:59 Wheelbarrow
41:06 Horse Collar
41:14 Double-Bit Axe
42:46 Chain Mail Armor
43:07 Iron Casting
42:40 Squires
43:10 Heavy Plow
43:34 Bow Saw
LWwcnm
13:25 Feudal Age
13:43 Man-at-Arms
15:58 Scale Mail Armor
18:38 Loom
21:48 Double-Bit Axe
22:08 Stone Mining
24:53 Castle Age
23:52 Fletching
24:14 Forging
26:47 Iron Casting
25:39 Pikeman
26:38 Bow Saw
26:22 Gold Mining
26:59 Squires
29:59 Wheelbarrow
30:13 Ballistics
32:12 Horse Collar
35:42 Gold Shaft Mining
35:47 Hand Cart
37:04 Tigui
37:12 Heavy Plow
37:43 Chain Mail Armor
42:36 Imperial Age
41:14 Town Watch
42:26 Town Patrol
43:43 Conscription
44:18 Elite Gbeto
45:59 Plate Mail Armor
45:22 Elite Skirmisher
47:19 Fletching
50:19 Farimba
55:06 Stone Shaft Mining
Goob
4:26 Loom
15:10 Feudal Age
15:36 Double-Bit Axe
18:47 Wheelbarrow
23:18 Castle Age
22:09 Horse Collar
23:30 Pikeman
24:30 Town Watch
25:29 Bow Saw
31:06 Fletching
31:46 Hand Cart
37:28 Imperial Age
36:26 Heavy Plow
37:09 Forging
37:00 Scale Mail Armor
38:04 Chemistry
37:24 Ballistics
38:06 Squires
39:07 Elite Hussite Wagon
46:08 Wagenburg Tactics
46:35 Siege Engineers
Richard Nixon
3:56 Loom
14:49 Feudal Age
17:02 Horse Collar
18:44 Double-Bit Axe
19:54 Town Watch
20:50 Wheelbarrow
25:30 Castle Age
24:06 Bloodlines
24:42 Forging
24:57 Scale Barding Armor
26:55 Bow Saw
28:39 Hand Cart
30:33 Iron Casting
31:35 Chain Barding Armor
33:17 Gold Mining
39:10 Imperial Age
38:45 Fletching
39:54 Steppe Husbandry
40:16 Conscription
41:29 Light Cavalry
42:38 Heavy Plow
42:44 Bodkin Arrow
45:53 Blast Furnace
44:21 Elite Kipchak
44:36 Hussar
45:49 Parthian Tactics
45:30 Crossbowman
46:17 Thumb Ring
48:20 Padded Archer Armor
49:20 Leather Archer Armor
50:30 Chemistry
49:52 Ballistics
50:24 Ring Archer Armor
53:20 Chemistry
54:17 Plate Barding Armor
54:31 Steppe Husbandry
54:56 Cavalier
56:15 Gold Shaft Mining
56:01 Paladin
57:54 Spies/Treason
BigFucKingAce
3:36 Loom
16:44 Feudal Age
24:17 Fletching
30:01 Castle Age
29:23 Double-Bit Axe
29:21 Horse Collar
36:23 Wheelbarrow
37:43 Hand Cart
50:22 Bodkin Arrow
0204isaias
5:09 Loom
17:24 Feudal Age
20:06 Double-Bit Axe
27:45 Castle Age
25:54 Stone Mining
26:19 Horse Collar
27:44 Fletching
27:55 Padded Archer Armor
29:26 Bodkin Arrow
29:32 Padded Archer Armor
30:19 Bloodlines
30:10 Husbandry
31:14 Bow Saw
31:15 Heavy Plow
32:24 Ballistics
37:17 Leather Archer Armor
37:36 Gold Mining
37:38 Stone Mining
41:23 Wheelbarrow
46:34 Imperial Age
44:21 Hand Cart
43:53 Town Watch
47:56 Conscription
47:01 Elite Camel Archer
47:46 Maghrebi Camels
48:55 Crop Rotation
48:54 Town Patrol
50:02 Chemistry
49:06 Bracer
49:37 Ring Archer Armor
49:59 Kasbah
50:02 Elite Genitour
53:48 Spies/Treason
Connection lost

Rejoining the realm…

Still unreachable

The connection could not be restored.

Session expired

The server has moved on; the page needs a fresh start.